AoeStats
← -Luxo-

Arena

508283455Analyzed
3v3 RM · 12d ago on Sep 21, 2026· 40m 4s· 6 players
Game mode
Random Map
Map size
Normal (6 player)
Population
200
Speed
Normal
Resources
Standard
Victory
Conquest
Starting age
Dark Age
Ending age
Imperial Age
RankedLock teamsTeams togetherTeam positionsShared explorationLock speedFull tech treeHidden civsTurbo modeCheats
Victory
Defeat
🇪🇸 Teutons · Spain
1007
+15
🇩🇪 Byzantines · Germany
1007
+15
🇧🇪 Goths · Belgium
969
+17
🇩🇪 Mongols · Germany
988
-16
🇩🇪 Bohemians · Germany
988
-16
🇩🇪 Wu · Germany
981
-15
Chronepsis
11:23 Feudal Age
12:07 Horse Collar
12:16 Double-Bit Axe
15:57 Loom
18:46 Castle Age
20:17 Stone Mining
21:02 Heavy Plow
23:04 Loom
28:02 Imperial Age
25:23 Pikeman
26:44 Scale Mail Armor
28:55 Logistica
29:09 Conscription
29:39 Wheelbarrow
29:24 Gold Mining
30:48 Chemistry
29:46 Fletching
30:43 Light Cavalry
31:23 Husbandry
32:20 Arson
32:41 Squires
34:00 Hussar
35:03 Cavalier
36:39 Padded Archer Armor
37:01 Elite Skirmisher
39:08 Scale Barding Armor
39:14 Forging
pablov02
11:08 Feudal Age
14:58 Castle Age
12:59 Double-Bit Axe
13:10 Horse Collar
15:44 Loom
16:18 Bow Saw
16:28 Stone Mining
16:42 Heavy Plow
20:51 Forging
22:06 Wheelbarrow
23:38 Fletching
27:32 Bodkin Arrow
28:09 Hand Cart
29:16 Gold Mining
33:19 Imperial Age
31:33 Scale Barding Armor
32:04 Iron Casting
32:43 Scale Mail Armor
33:07 Chain Barding Armor
33:01 Bloodlines
33:45 Cavalier
35:16 Plate Barding Armor
35:42 Blast Furnace
37:05 Two-Man Saw
35:32 Paladin
37:02 Stone Shaft Mining
ozcelik.huseyin
14:03 Feudal Age
18:58 Castle Age
16:57 Double-Bit Axe
17:54 Horse Collar
24:24 Loom
27:18 Wheelbarrow
28:53 Hand Cart
29:23 Stone Mining
29:24 Gold Mining
30:35 Heavy Plow
30:48 Bow Saw
30:30 Town Watch
33:28 Imperial Age
32:05 Town Patrol
32:21 Forging
32:11 Scale Mail Armor
32:17 Anarchy
34:30 Stone Shaft Mining
34:13 Perfusion
35:07 Iron Casting
34:48 Chain Mail Armor
35:50 Chemistry
35:36 Elite Huskarl
38:27 Two-Man Saw
38:06 Crop Rotation
siliboss
10:05 Feudal Age
11:52 Horse Collar
16:01 Castle Age
13:46 Horse Collar
14:56 Loom
15:11 Double-Bit Axe
18:02 Heavy Plow
19:23 Wheelbarrow
18:52 Fletching
19:04 Padded Archer Armor
24:05 Hand Cart
24:37 Town Watch
25:58 Murder Holes
27:36 Masonry
27:35 Bodkin Arrow
28:11 Town Watch
34:33 Imperial Age
32:10 Husbandry
32:09 Gold Mining
32:50 Bloodlines
32:54 Scale Barding Armor
35:02 Light Cavalry
35:46 Town Patrol
36:01 Forging
36:36 Gold Shaft Mining
36:48 Chain Barding Armor
36:28 Bracer
-Luxo-
10:06 Loom
12:55 Feudal Age
13:36 Double-Bit Axe
13:33 Horse Collar
14:29 Wheelbarrow
20:06 Castle Age
18:37 Fletching
21:15 Bow Saw
21:08 Heavy Plow
25:38 Hand Cart
25:08 Town Watch
26:05 Bodkin Arrow
27:37 Pikeman
28:18 Squires
29:20 Chemistry
28:42 Ballistics
30:27 Wagenburg Tactics
30:48 Padded Archer Armor
32:35 Husbandry
35:10 Imperial Age
32:28 Treadmill Crane
33:56 Town Patrol
35:53 Murder Holes
36:04 Siege Engineers
36:10 Masonry
38:45 Conscription
38:33 Hussite Reforms
38:34 Wagenburg Tactics
37:50 Elite Hussite Wagon
38:01 Sappers
38:36 Cavalier
39:47 Scale Barding Armor
39:43 Bracer
39:26 Light Cavalry
Holzig
8:05 Loom
11:12 Feudal Age
15:43 Castle Age
14:52 Double-Bit Axe
15:15 Horse Collar
20:08 Fletching
21:17 Heavy Plow
23:51 Bow Saw
25:42 Fervor
25:54 Red Cliffs Tactics
26:17 Bodkin Arrow
32:26 Imperial Age
31:03 Padded Archer Armor
33:15 Ballistics
34:28 Conscription
34:24 Pikeman
36:02 Scale Mail Armor
36:03 Bracer
36:20 Leather Archer Armor
36:15 Forging
36:14 Squires
39:23 Elite Fire Archer
Connection lost

Rejoining the realm…

Still unreachable

The connection could not be restored.

Session expired

The server has moved on; the page needs a fresh start.